 Dungeon Crawl Stone Soup version 0.28-a0-1518-gbe868bca14 (webtiles) character file.

Game seed: 4043358622849377129

63 buddhastalin the Chopper (level 3, -2/49 HPs)
             Began as a Draconian Berserker on Jan 16, 2022.
             Was a Believer of Trog.
             Slain by a gnoll (8 damage)
             ... on level 2 of the Dungeon.
             The game lasted 00:01:32 (1285 turns).

buddhastalin the Chopper (Draconian Berserker)      Turns: 1285, Time: 00:01:33

Health: -2/49      AC:  5    Str: 21    XL:     3   Next: 87%
Magic:  3/3        EV: 12    Int:  7    God:    Trog [**....]
Gold:   80         SH:  0    Dex: 10    Spells: 2/2 levels left

rFire   . . .      SeeInvis .   a - +0 hand axe
rCold   . . .      Faith    .   (no shield)
rNeg    . . .      Spirit   .   (armour unavailable)
rPois   .          Reflect  .   (helmet restricted)
rElec   .          Harm     .   (no cloak)
rCorr   .          Rampage  .   (no gloves)
Will    .....                   (no boots)
Stlth   ..........              (no amulet)
HPRegen 0.16/turn               (no ring)
MPRegen 0.08/turn               (no ring)

@: berserking, very quick
A: AC +5, unfitting armour, cold-blooded
a: Renounce Religion, Berserk, Trog's Hand


You were on level 2 of the Dungeon.
You worshipped Trog.
Trog was pleased with you.
You visited 1 branch of the dungeon, and saw 2 of its levels.

You collected 80 gold pieces.

Inventory:

Hand Weapons
 a - a +0 hand axe (weapon)
Scrolls
 b - 2 scrolls of identify {unknown}
Potions
 c - a potion of degeneration {unknown}


   Skills:
 + Level 3.9 Fighting
 * Level 4.0 Axes
 + Level 3.1 Dodging


You had 2 spell levels left.
You didn't know any spells.
Your spell library was empty.

Dungeon Overview and Level Annotations

Branches:
Dungeon (2/15)

Altars:

Shops:
D:2 (


Innate Abilities, Weirdness & Mutations

Your plain brown scales are hard. (AC +5)
You cannot fit into any form of body armour.
You are cold-blooded and may be slowed by cold attacks.


Message History

Trog accepts your kill.
You hit the gnoll.
The gnoll is moderately wounded.
You hit the gnoll.
The gnoll is severely wounded.
You barely miss the gnoll.
You hear a shout!
The gnoll hits you with a +0 halberd! The gnoll hits you with a +0 whip.
You hit the gnoll.
The gnoll is almost dead.
You hit the gnoll. The gnoll misses you. The gnoll hits you with a +0 whip.
You hit the gnoll but do no damage.
The gnoll is almost dead.
You hit the gnoll. The gnoll hits you with a +0 halberd!
* * * LOW HITPOINT WARNING * * *
The gnoll barely misses you. x2
You are too injured to fight recklessly!
A red film seems to cover your vision as you go berserk!
You feel yourself moving faster!
You feel mighty! The gnoll hits you with a +0 whip.
* * * LOW HITPOINT WARNING * * *
The gnoll completely misses you.
You slash the gnoll!
You kill the gnoll!
Trog accepts your kill.
You closely miss the gnoll. The gnoll hits you with a +0 whip.
* * * LOW HITPOINT WARNING * * *
Your Axes skill increases to level 4!
You hit the gnoll.
The gnoll is severely wounded.
The gnoll closely misses you.
You hit the gnoll.
The gnoll is severely wounded.
The gnoll misses you.
You barely miss the gnoll.
The gnoll is severely wounded.
You barely miss the gnoll.
The gnoll is severely wounded.
The gnoll hits you with a +0 whip!
You die...

#.#.#......# #.........#
#.#.#......########.........#
#...#......##....##.........#
###.###....##...##............#
...[.......#...†.#............#
....#######.......###....######
....######....∩..........#
....#...........)g###...#####
...........#..).@#.#........# #
....#......##...##.#........# #
....#........#####g.........#####
###...######## ##'#######......
#...# §≈g≈≈≈≈§§##..... #...###
§≈≈..g..≈≈§§#...... #.....#
§§§......§≈≈≈#...... #.....#
≈....≈....§§#...... #.....#
#≈..§§≈.≈§..§§#......


You could see a gnoll.

Vanquished Creatures
  2 gnolls (D:2)
  2 adders (D:2)
  2 dart slugs (D:1)
  2 endoplasms
  A giant cockroach (D:1)
  2 hobgoblins
  2 jackals (D:1)
  A quokka (D:2)
  5 ball pythons (D:1)
  2 bats (D:1)
  A kobold (D:1)
  2 rats (D:2)
24 creatures vanquished.

Notes
Turn   | Place    | Note
-------+----------+-------------------------------------------
     0 | D:1      | buddhastalin the Draconian Berserker began the quest for
                  | the Orb.
     0 | D:1      | Reached XP level 1. HP: 19/19 MP: 1/1
   270 | D:1      | Reached XP level 2. HP: 26/26 MP: 2/2
  1011 | D:2      | Reached XP level 3. HP: 31/31 MP: 3/3
  1122 | D:2      | Reached ** piety under Trog
  1242 | D:2      | Found Xoiggay's Weapon Shop.
  1282 | D:2      | Reached skill level 4 in Axes
  1285 | D:2      | Slain by a gnoll

Illustrated notes

Levels and vault maps discovered:
D:1:      heliophobic_arrival_battle_scene, layout_loops_corners
D:2:      layout_basic, shapermc_ecumenical_altar_venn, serial_shops,
          nicolae_shop_bloodbath_and_beyond, kennysheep_generic_room_2,
          uniq_natasha

Skill      XL: |  1  2  3 |
---------------+----------+-----
Dodging        | 3 |  3.1
Axes           | 4 |  4.0
Fighting       | |  3.9

Action                   || total
-------------------------++-------
Melee: Hand axe          ||    70
       Tailslap          ||     6
Invok: Berserk           ||     1
 Stab: Sleeping          ||     2
Armor: Skin              ||    19
Dodge: Dodged            ||    41

Table legend: (Time is in decaauts)
 A = Elapsed time spent in this place.
 B = Non-inter-level travel time spent in this place.
 C = Inter-level travel time spent in this place.
 D = Time resting spent in this place.
 E = Time spent auto-exploring this place.
 F = Levels seen in this place.
 G = Mean time per level.
                   A        B        C        D        E       F      G
               +--------+--------+--------+--------+--------+-----+--------+
         Total |   1291 |   1258 |     33 |    161 |    939 |   2 |  645.5 |
       Dungeon |   1291 |   1258 |     33 |    161 |    939 |   2 |  645.5 |
               +--------+--------+--------+--------+--------+-----+--------+

Top non-repeatable levels by time:
     D:1: 1013 daAuts
     D:2: 278 daAuts
